 Dungeon Crawl Stone Soup version 0.24-a0-102-g7635c99 (console) character file.

Game seed: 8693293026512258706

10 Duffy the Caller (level 2, 0/22 HPs)
             Began as a Naga Summoner on Feb 12, 2019.
             Slain by a hobgoblin
             ... wielding a +0 club
              (7 damage)
             ... on level 2 of the Dungeon.
             The game lasted 00:00:47 (170 turns).

Duffy the Caller (Naga Summoner)                     Turns: 170, Time: 00:00:48

Health: 0/22       AC:  1    Str: 10    XL:     2   Next: 20%
Magic:  5/5        EV: 10    Int: 15    God:
Gold:   0          SH:  0    Dex: 11    Spells: 2/5 levels left

rFire    . . .     SeeInvis +   e - +0 dagger
rCold    . . .     Gourm    .   (no shield)
rNeg     . . .     Faith    .   a - +0 robe
rPois    +         Spirit   .   (no helmet)
rElec    .         Reflect  .   (no cloak)
rCorr    .         Harm     .   (no gloves)
MR       .....                  (no barding)
Stlth    ++........             (no amulet)
HPRegen  0.07/turn              (no ring)
MPRegen  0.09/turn              (no ring)

@: very slow
A: large, see invisible, deformed body, poison resistance, slowness 2, slow
metabolism 1, spit poison 1, AC +0
a: Spit Poison


You were on level 2 of the Dungeon.
You were not hungry.

You visited 1 branch of the dungeon, and saw 2 of its levels.

Inventory:

Hand Weapons
 e - a +0 dagger (weapon)
Armour
 a - a +0 robe (worn)
Potions
 d - a potion of heal wounds {unknown}
Comestibles
 b - a chunk of flesh
 c - a ration


   Skills:
 - Level 1.5 Dodging
 - Level 3.0 Stealth
 + Level 2.3 Spellcasting
 + Level 4.2 Summonings


You had 2 spell levels left.
You knew the following spells:

 Your Spells              Type           Power        Failure   Level  Hunger
h - Call Imp              Summ           ##......     5%          2    ###....
j - Summon Small Mammal   Summ           ##..         3%          1    #......

Your spell library contained the following spells:

 Spells                   Type           Power        Failure   Level  Hunger
 Call Canine Familiar     Summ           ##......     11%         3    ###....
 Summon Guardian Golem    Hex/Summ       #.......     26%         3    ###....
 Summon Ice Beast         Ice/Summ       #.......     65%         4    #####..
 Summon Lightning Spire   Summ/Air       #.......     65%         4    #####..


Dungeon Overview and Level Annotations

Branches:
Dungeon (2/15)

Altars:


Innate Abilities, Weirdness & Mutations

You cannot wear boots.
Your serpentine skin is tough. (AC +0)
You have supernaturally acute eyesight. (SInv)
Armour fits poorly on your strangely shaped body.
Your system is resistant to poisons. (rPois)
You cover ground very slowly.
You have a slow metabolism.
You can spit poison.


Message History

The hobgoblin hits you with a +0 club.
Your quokka barely misses the hobgoblin.
Your quokka bites the hobgoblin.
The hobgoblin hits your quokka with a +0 club.
Press: ? - help, Shift-Dir - straight line, f - hobgoblin
Aim: a hobgoblin, wielding a +0 club (almost dead) Really fire in your quokka's direction?
The splash of poison misses the hobgoblin.
The splash of poison misses your quokka.
You feel slightly more hungry.
Your quokka disappears in a puff of smoke!
The hobgoblin barely misses you.
You barely miss the hobgoblin.
The hobgoblin is almost dead.
The hobgoblin closely misses you.
You can't do that yet.
You have got your breath back.
You see here 20 arrows.
The hobgoblin hits you with a +0 club!
You die...

#........ #..(.....
#........ ##### #.. .....
.....####.# .....
#.....#.##... ############
##......#.#
#..........####.......).#
#.........@g....##.0......#
#..........#######?##..##...
#.)....%...# #.###.# ..
#.(........### #.# #.# .
#............# #.# #.#
#..........#.# #.# #.#
#.....<....#... ... ...
#..........# #. ############


You could see a hobgoblin.

Vanquished Creatures (collateral kills)
  An adder (D:2)
  A ball python skeleton (D:2)
  A frilled lizard (D:2)
  A kobold (D:2)
  A rat (D:2)
5 creatures vanquished.

Notes
Turn   | Place    | Note
-------+----------+-------------------------------------------
     0 | D:1      | Duffy the Naga Summoner began the quest for the Orb.
     0 | D:1      | Reached XP level 1. HP: 15/15 MP: 3/3
     7 | D:2      | Reached XP level 2. HP: 22/22 MP: 1/5
    15 | D:2      | Learned a level 2 spell: Call Imp
   170 | D:2      | Slain by a hobgoblin

Levels and vault maps discovered:
D:1:      dpeg_arrival_pits, layout_rooms
D:2:      layout_rooms, minmay_indecisive_spiral

Action                   || total
-------------------------++-------
Melee: Dagger            ||     9
 Cast: Summon Small Mamm ||     4
       Call Imp          ||     1
 Abil: Spit Poison       ||     2
Dodge: Dodged            ||    10

Table legend:
 A = Non-vault XP
 B = Vault XP
 C = Vault XP percentage of total XP
 D = Non-vault monster count
 E = Vault monster count
 F = Vault count percentage of total count
                 A         B        C        D         E       F
            +---------+---------+-------+---------+---------+-------
      Total |      15 |       0 |   0.0 |       5 |       0 |   0.0
            +---------+---------+-------+---------+---------+-------
        D:2 |      15 |       0 |   0.0 |       5 |       0 |   0.0
            +---------+---------+-------+---------+---------+-------
